 Dungeon Crawl Stone Soup version 0.25-a0-246-g58704a1ebd (webtiles) character file.

Game seed: 14210351687074482046, levelgen mode: classic

214 Borgoz the Covered (level 6, -1/43 HPs)
             Began as a Halfling Fighter on Dec 4, 2019.
             Slain by Sigmund
             ... wielding a +0 scythe
              (11 damage)
             ... on level 5 of the Dungeon.
             The game lasted 00:03:40 (2757 turns).

Borgoz the Covered (Halfling Fighter)               Turns: 2757, Time: 00:03:41

Health: -1/43      AC:  7    Str: 23    XL:     6   Next: 15%
Magic:  6/6        EV:  9    Int:  6    God:
Gold:   208        SH: 10    Dex: 15    Spells: 5/5 levels left

rFire    . . .     SeeInvis .   l - +0 long sword of Urgency {holy, rPois} (curse)
rCold    . . .     Gourm    .   c - +0 shield
rNeg     . . .     Faith    .   b - +0 scale mail
rPois    +         Spirit   .   (no helmet)
rElec    .         Reflect  .   (no cloak)
rCorr    .         Harm     .   (no gloves)
MR       .....                  (no boots)
Stlth    +.........             (no amulet)
HPRegen  0.14/turn              (no ring)
MPRegen  0.10/turn              (no ring)

@: mighty, berserk cooldown, slowed, very slow
A: small, mutation resistance 1
a: no special abilities


You were on level 5 of the Dungeon.
You were not hungry.

You visited 1 branch of the dungeon, and saw 5 of its levels.

You collected 208 gold pieces.

Inventory:

Hand Weapons
 a - a +0 rapier
 k - a +2 dagger of venom
 l - the cursed +0 long sword of Urgency (weapon) {holy, rPois}
   (You found it on level 4 of the Dungeon)

   It has been blessed by the Shining One to cause great damage to the undead
   and demons.
   It protects you from poison.
   It has a curse placed upon it.
Armour
 b - a +0 scale mail (worn)
 c - a +0 shield (worn)
Potions
 d - a potion of might
 e - a potion of berserk rage
 g - 2 potions of brilliance {unknown}
 h - 6 potions of curing
 i - a potion of degeneration {unknown}
 m - a potion of flight
Comestibles
 f - 12 rations
 j - 11 chunks of flesh


   Skills:
 * Level 3.7 Fighting
 * Level 4.0 Short Blades
 * Level 4.4 Armour
 + Level 2.1 Stealth
 + Level 3.9 Shields


You had 5 spell levels left.
You didn't know any spells.
Your spell library was empty.

Dungeon Overview and Level Annotations

Branches:
Dungeon (5/15)
 Temple: D:4-7

Altars:
Cheibriados
Xom

Portals:
Sewer: D:5

Annotations:
D:5 Dowan, Duvessa, Sigmund


Innate Abilities, Weirdness & Mutations

You are small and have problems with some larger weapons.
You are somewhat resistant to further mutation.


Message History

Something hits you but does no damage.
You closely miss something. Duvessa hits you but does no damage.
Duvessa zaps a wand.
You resist with some effort.
You miss something.
You are no longer berserk.
You are exhausted.
You feel yourself slow down. Something hits you. You block Duvessa's attack.
You miss something. Duvessa barely misses you.
You riposte.
You hit Duvessa but do no damage.
A worker ant comes into view.
You block Duvessa's attack. Something hits you. Dowan casts a spell at you.
The puff of frost hits something!
Duvessa hits you with a +0 short sword. Something hits you!
* * * LOW HITPOINT WARNING * * *
The worker ant moves out of view.
A jackal zombie comes into view.
Duvessa gestures with her weapon.
Duvessa zaps a wand.
You resist with some effort. Something hits you!
You die...

....#....### .
....#......######...
#######.......÷÷........
≈≈≈≈≈≈.....<.÷.#÷......#
≈∩≈≈≈≈.....#.###.####..#
≈≈≈≈≈≈.....#.###.# .
######.......##.#
#.#.#.....##..
...####.#@#.....##..
.......{e.#.........
......h####.....###..
.....Z. #(...#.. ##.....
#....... .....a.
######... .......
....... .......


You could see Duvessa, a howler monkey and a jackal zombie.

Vanquished Creatures
  A bullfrog (D:5)
  An orc priest (D:3)
  4 gnolls (D:3)
  An adder (D:2)
  An ooze (D:3)
  4 dart slugs
  5 leopard geckos
  3 orcs
  5 bats
  5 giant cockroaches
  4 hobgoblins
  4 jackals
  2 kobolds (D:1)
  2 quokkas
  A frilled lizard (D:1)
  9 goblins
  A quokka skeleton (D:5)
  2 rats
55 creatures vanquished.

Notes
Turn   | Place    | Note
-------+----------+-------------------------------------------
     0 | D:1      | Borgoz the Halfling Fighter began the quest for the Orb.
     0 | D:1      | Reached XP level 1. HP: 15/15 MP: 1/1
   105 | D:1      | Reached XP level 2. HP: 15/20 MP: 2/2
   531 | D:1      | Reached XP level 3. HP: 25/25 MP: 3/3
   829 | D:2      | Reached skill level 1 in Stealth
  1764 | D:3      | Reached XP level 4. HP: 27/31 MP: 4/4
  1822 | D:3      | Reached XP level 5. HP: 17/36 MP: 5/5
  2037 | D:3      | Found a shimmering altar of Xom.
  2354 | D:3      | Found a snail-covered altar of Cheibriados.
  2602 | D:4      | Got an ichor-stained long sword
  2603 | D:4      | Identified the cursed +0 long sword of Urgency {holy,
                  | rPois} (You found it on level 4 of the Dungeon)
  2671 | D:4      | Noticed a bullfrog
  2684 | D:5      | Entered Level 5 of the Dungeon
  2687 | D:5      | Killed a bullfrog
  2687 | D:5      | Reached XP level 6. HP: 38/43 MP: 6/6
  2732 | D:5      | Found a glowing drain.
  2736 | D:5      | Noticed Sigmund
  2736 | D:5      | Noticed Duvessa
  2737 | D:5      | Noticed Dowan
  2757 | D:5      | Slain by Sigmund

Levels and vault maps discovered:
D:1:      elethiomel_arrival_fortress_basement, layout_loops_ring
D:2:      layout_basic, first_ration
D:3:      layout_loops_ring, kennysheep_slug_shrine, brannock_xom_greatest_gift
D:4:      layout_cave_pools, overflow_temple_1_default,
          minmay_temple_entry_junction_2, serial_park_tiny_pond,
          chequers_garden, kennysheep_generic_room_14
D:5:      layout_basic, portal_sewer_entry_f, interstate_on_off,
          nemelex_lonely_heart_becter, uniq_sigmund, uniq_duvessa

Skill      XL: |  1  2  3  4  5 |
---------------+----------------+-----
Fighting       | 3 |  3.7
Short Blades   | 3 4 |  4.0
Stealth        | 1 2 |  2.1
Armour         | 4 |  4.4
Shields        | |  3.9

Action                   |  1- 3 |  4- 6 || total
-------------------------+-------+-------++-------
Melee: Rapier            |    71 |       ||    71
       Dagger            |    19 |    53 ||    72
       Long sword        |       |    37 ||    37
  Use: Scroll            |     5 |       ||     5
       Potion            |       |     2 ||     2
  Eat: Chunk             |     3 |     3 ||     6
Armor: Scale mail        |    30 |    30 ||    60
Dodge: Dodged            |    31 |    46 ||    77
Block: Shield            |    35 |    72 ||   107
       Rpst.: Long sword |       |    11 ||    11

Table legend:
 A = Non-vault XP
 B = Vault XP
 C = Vault XP percentage of total XP
 D = Non-vault monster count
 E = Vault monster count
 F = Vault count percentage of total count
                 A         B        C        D         E       F
            +---------+---------+-------+---------+---------+-------
      Total |     285 |      22 |   7.2 |      48 |       7 |  12.7
            +---------+---------+-------+---------+---------+-------
        D:1 |      31 |       4 |  11.4 |      16 |       1 |   5.9
        D:2 |      24 |       0 |   0.0 |       6 |       0 |   0.0
        D:3 |     132 |       4 |   2.9 |      20 |       1 |   4.8
        D:4 |       5 |       0 |   0.0 |       2 |       0 |   0.0
        D:5 |      93 |      14 |  13.1 |       4 |       5 |  55.6
            +---------+---------+-------+---------+---------+-------
